 Dungeon Crawl Stone Soup version 0.30-a0-777-ga9a30cbeda (webtiles) character file.

Game seed: 17781178618045987386

7640 Zenkrye the Spear-Bearer (level 11, 0/84 HPs)
             Began as a Human Cinder Acolyte on Feb 14, 2023.
             Was a High Priest of Ignis.
             Slain by an ice beast (11 damage)
             ... summoned by an ice statue
             ... in an ice cave.
             The game lasted 00:29:29 (9046 turns).

Zenkrye the Spear-Bearer (Human Cinder Acolyte)     Turns: 9046, Time: 00:29:30

Health: 0/84       AC: 15    Str: 19    XL:     11   Next: 41%
Magic:  14/14      EV:  6    Int: 15    God:    Ignis [*****.]
Gold:   487        SH:  4    Dex:  8    Spells: 12/14 levels left

rFire   + . .      SeeInvis .    k - +6 trident "Qag Liyz" {flame, Will+ rCorr}
rCold   . . .      Faith    .    m - +0 buckler
rNeg    . . .      Spirit   .    f - +0 plate armour
rPois   .          Reflect  .    (no helmet)
rElec   .          Harm     .    l - +0 cloak
rCorr   +          Rampage  .    (no gloves)
Will    +....                    g - +1 pair of boots Stlth
                                 z - amulet of regeneration
HPRegen 1.14/turn                s - +4 ring of slaying
MPRegen 0.14/turn                (no ring)

@: no status effects
A: no striking features
a: Renounce Religion, Fiery Armour, Foxfire Swarm, Rising Flame


You were in an ice cave.
You worshipped Ignis.
Ignis was extremely pleased with you.
You visited 1 branch of the dungeon, and saw 11 of its levels.
You also visited: Ice Cave.

You collected 487 gold pieces.

Inventory:

Hand Weapons
 k - the +6 trident "Qag Liyz" (weapon) {flame, Will+ rCorr}
   (You acquired it on level 2 of the Dungeon)

   rCorr:     It protects you from acid and corrosion.
   Will:      It increases your willpower.
 M - a +6 trident of freezing
Missiles
 a - 14 poisoned darts (quivered)
 C - 3 boomerangs
 E - 3 curare-tipped darts
Armour
 f - a +0 plate armour (worn)
 g - a +1 pair of boots (worn)
 l - a +0 cloak (worn)
 m - a +0 buckler (worn)
 D - +0 fire dragon scales
Magical Staves
 h - a staff of earth
 F - a staff of death
Jewellery
 s - a +4 ring of slaying (left hand)
 z - an amulet of regeneration (around neck)
Wands
 v - a wand of flame (46)
 I - a wand of polymorph (5)
Scrolls
 b - 4 scrolls of magic mapping
 i - 2 scrolls of identify {@r1}
 o - 3 scrolls of fear
 t - a scroll of silence
 u - a scroll of teleportation {@r3}
 x - a scroll of noise
 y - 2 scrolls of fog
 B - 2 scrolls of brand weapon
Potions
 c - 2 potions of invisibility
 d - a potion of flight
 e - 3 potions of mutation
 j - a potion of heal wounds {@q2}
 n - a potion of cancellation
 p - 2 potions of lignification
 q - 4 potions of curing {@q1}
 r - a potion of haste {@q3}
 A - 2 potions of berserk rage
 G - a potion of resistance {@q6}
 H - a potion of brilliance


   Skills:
 + Level 7.4 Fighting
 * Level 12.4 Polearms
 + Level 4.7 Armour
 + Level 4.7 Dodging
 - Level 5.0 Shields
 - Level 2.0 Spellcasting
 - Level 5.0 Fire Magic


You had 12 spell levels left.
You knew the following spells:

 Your Spells              Type           Power      Damage    Failure   Level
a - Scorch                Fire           32%        2d7       86%         2

Your spell library contained the following spells:

 Spells                   Type           Power      Damage    Failure   Level
 Blink                    Tloc           2%         N/A       100%        2
 Lesser Beckoning         Tloc           2%         N/A       100%        2
 Momentum Strike          Conj/Tloc      2%         3d8       100%        2
 Gell's Gravitas          Tloc           1%         N/A       100%        3
 Teleport Other           Tloc           1%         N/A       100%        3


Dungeon Overview and Level Annotations

Branches:
Dungeon (11/15)            Temple (0/1) D:5           IceCv (1/1)
   Lair: D:8-11         Orc: D:9-12

Altars:
Cheibriados
Dithmenos
Fedhas
Gozag
Qazlal
Sif Muna

Annotations:
D:4 Ijyb IceCv exclusion: ice statue


Message History

You miss the wolf.
The wolf is moderately wounded.
The wolf bites you but does no damage.
You puncture the wolf! You burn the wolf.
You kill the wolf!
No target in view!
No target in view!
No target in view!
You start resting.
HP restored.
An ice statue comes into view.
Marking area around an ice statue as unsafe for travelling.
Aiming: Throw Flame
Press: ? - help, Shift-Dir - straight line, f - ice statue
Aim: an ice statue (100% to hit)
The puff of flame hits the ice statue but does no damage.
The ice statue glitters chillingly in the dim dungeon light.
The ice statue gestures.
The ice statue gestures at you. The bolt of cold hits you!
Found a scroll of magic mapping.
The ice statue gestures at you. The freezing blast engulfs you.
The ice beast hits you but does no damage.
You are engulfed in freezing vapours.
The ice statue gestures at you. The bolt of cold hits you!!
The ice beast hits you but does no damage.
You puncture the ice statue!
You melt the ice statue.
The ice statue is lightly damaged.
You are engulfed in freezing vapours.
* * * LOW HITPOINT WARNING * * *
Okay, then.
Unknown command.
You feel much better.
You are engulfed in freezing vapours.
* * * LOW HITPOINT WARNING * * *
The ice beast hits you.
* * * LOW HITPOINT WARNING * * *
The ice beast freezes you!
You die...

## #.#
#..#..####
#..8@○○##
#?##○☼Y°°##
##☼##..#
######.#
##.###..#
#....#..#
##......##
##..###...#
##..##
##.##


You could see an ice statue and an ice beast (summoned).

Vanquished Creatures
  A death yak (D:10)
  A kobold demonologist (D:9)
  2 rime drakes (D:11)
  A troll (D:10)
  A polar bear (IceCv)
  2 hornets (D:9)
  4 wraiths
  5 yaks (D:9)
  2 vampire mosquitoes (D:10)
  Menkaure (D:7)
  2 acid dragons
  2 water moccasins
  An orc warrior (D:8)
  An ice beast (D:6)
  A black bear (D:8)
  4 wolves (IceCv)
  2 phantoms
  2 centaurs
  An ogre (D:4)
  4 kobold brigands
  Blork the orc (D:5)
  A gnoll sergeant (D:7)
  2 bullfrogs
  3 scorpions
  7 wights
  6 killer bees (D:10)
  2 howler monkeys
  3 hounds
  2 jellies (D:6)
  5 orc priests
  Crazy Yiuf (D:4)
  A gnoll bouda (D:8)
  4 iguanas
  10 orc wizards
  8 gnolls
  8 adders
  A river rat (D:5)
  2 white imps
  A worm (D:2)
  2 dart slugs
  23 orcs
  5 endoplasms
  6 giant cockroaches
  4 goblins
  7 hobgoblins
  2 jackals (D:5)
  4 quokkas
  3 ball pythons
  8 bats
  5 frilled lizards
  20 kobolds
  8 rats
205 creatures vanquished.

Notes
Turn   | Place    | Note
-------+----------+-------------------------------------------
     0 | D:1      | Zenkrye the Human Cinder Acolyte began the quest for the
                  | Orb.
     0 | D:1      | Reached XP level 1. HP: 18/18 MP: 2/2
    97 | D:1      | Reached XP level 2. HP: 16/24 MP: 3/3
   498 | D:1      | Reached XP level 3. HP: 28/29 MP: 4/4
   840 | D:1      | Learned a level 2 spell: Scorch
  1656 | D:2      | Identified a scroll of acquirement
  1656 | D:2      | Acquired the +6 trident "Qag Liyz" {flame, Will+ rCorr}
  1716 | D:3      | Reached XP level 4. HP: 34/35 MP: 5/5
  1867 | D:3      | Found a snail-covered altar of Cheibriados.
  1915 | D:3      | Reached skill level 4 in Polearms
  2118 | D:3      | Reached XP level 5. HP: 38/41 MP: 3/6
  2206 | D:3      | Found a blossoming altar of Fedhas.
  2490 | D:4      | Reached skill level 1 in Shields
  2692 | D:4      | Noticed an ogre
  2700 | D:4      | Killed an ogre
  2701 | D:4      | Reached XP level 6. HP: 28/47 MP: 2/7
  2941 | D:4      | Noticed Ijyb
  3027 | D:4      | Reached skill level 5 in Fire Magic
  3066 | D:4      | Reached skill level 5 in Polearms
  3328 | D:4      | Reached XP level 7. HP: 52/52 MP: 1/8
  3447 | D:4      | Found a runed translucent door.
  3448 | D:4      | Noticed Crazy Yiuf
  3593 | D:4      | Killed Crazy Yiuf
  3664 | D:5      | Entered Level 5 of the Dungeon
  3709 | D:5      | Found a shadowy altar of Dithmenos.
  3804 | D:5      | Found a staircase to the Ecumenical Temple.
  3844 | D:5      | Reached skill level 6 in Polearms
  3870 | D:5      | Noticed Blork the orc
  3877 | D:5      | Killed Blork the orc
  4041 | D:5      | Found Ytsitem's Serpentskin Sales.
  4234 | D:5      | Reached XP level 8. HP: 50/58 MP: 9/9
  4859 | D:6      | Identified the +0 leather armour of Minor Irritation
                  | {Int+3}
  4964 | D:6      | Reached skill level 7 in Polearms
  5152 | D:6      | Noticed a wraith
  5209 | D:6      | Killed a wraith
  5307 | D:6      | Reached skill level 5 in Shields
  5313 | D:6      | Reached skill level 8 in Polearms
  5720 | D:7      | Reached XP level 9. HP: 62/64 MP: 6/11
  6222 | D:7      | Reached skill level 9 in Polearms
  6379 | D:7      | Noticed Menkaure
  6386 | D:7      | Killed Menkaure
  6848 | D:8      | Reached skill level 5 in Fighting
  6848 | D:8      | Reached skill level 10 in Polearms
  6973 | D:8      | Found a stormy altar of Qazlal.
  7016 | D:8      | Found a shimmering blue altar of Sif Muna.
  7435 | D:9      | Reached XP level 10. HP: 74/74 MP: 13/13
  7485 | D:9      | Paralysed by a hornet for 2 turns
  7489 | D:9      | Reached skill level 1 in Armour
  7489 | D:9      | Reached skill level 1 in Dodging
  7516 | D:9      | Noticed a kobold demonologist
  7525 | D:9      | Killed a kobold demonologist
  7526 | D:9      | Reached skill level 11 in Polearms
  7566 | D:9      | Found an opulent altar of Gozag.
  7721 | D:9      | Noticed a five-headed hydra
  7721 | D:9      | Noticed a boulder beetle
  7721 | D:9      | Noticed a tengu warrior
  7721 | D:9      | Noticed a manticore
  7721 | D:9      | Noticed a green ugly thing
  7721 | D:9      | Noticed a freezing wraith
  7827 | D:10     | Entered Level 10 of the Dungeon
  8012 | D:10     | Paralysed by a hornet for 3 turns
  8217 | D:10     | Reached XP level 11. HP: 82/83 MP: 14/14
  8550 | D:11     | Identified the +12 falchion of the Scorpion {drain, rN+
                  | Str+2}
  8676 | D:11     | Noticed a death yak
  8676 | D:11     | Noticed a death yak
  8680 | D:11     | Noticed a death yak
  8681 | D:11     | Noticed a death yak
  8681 | D:11     | Noticed a death yak
  8683 | D:11     | Noticed a death yak
  8684 | D:11     | Noticed a death yak
  8684 | D:11     | Noticed a death yak
  8696 | D:10     | Killed a death yak
  8697 | D:10     | Reached skill level 12 in Polearms
  8779 | D:11     | Noticed a boulder beetle
  8899 | D:11     | Found a frozen archway.
  8980 | IceCv    | Entered an ice cave
  9046 | IceCv    | Slain by an ice beast

Illustrated notes

Levels and vault maps discovered:
D:1:      zaba_arrival_water, layout_basic, hangedman_glass_teeth, hex_tiny
D:2:      kb_forest_paths, layout_loops_ring
D:3:      layout_basic, mainiacjoe_overflow_surrounded_room, lemuel_doored_altar
D:4:      layout_basic, uniq_crazy_yiuf_cottage, uniq_ijyb
D:5:      layout_loops_ring, grunt_dithmenos_smoke,
          minmay_temple_entry_statues_fountains, gup_sewer_entry_spiral,
          abandoned_shop, guppyfry_shop_venom, uniq_blork_the_orc
D:6:      layout_loops_cross
D:7:      layout_loops_ring, chequers_serial_rivers_room_a,
          nicolae_figureground_sparkle, uniq_menkaure
D:8:      layout_cave_pools, kennysheep_orc_sif_temple,
          nicolae_qazlal_style_of_elements
D:9:      minmay_the_grid_triangle_9x9_recursive_2_mashed
          [minmay_the_grid_triangle_9x9_prize_schism,
          minmay_the_grid_triangle_9x9_limited_checkers,
          minmay_the_grid_triangle_9x9_flanged_cone,
          minmay_the_grid_triangle_9x9_minimal], layout_loops_ring,
          grunt_gozag_breadcrumbs
D:10:     layout_rooms
D:11:     layout_cave_pods, dpeg_lair_monsters, portal_ice_cave_rime,
          kennysheep_potato
IceCv:    ice_cave_caverns_03

Skill      XL: |  1  2  3  4  5  6  7  8  9 10 11 |
---------------+----------------------------------+-----
Polearms       | 4 5 6 8 10 11 12 | 12.4
Fire Magic     | 4 5 |  5.0
Shields        | 1 3 5 |  5.0
Spellcasting   | 2 |  2.0
Fighting       | 5 6 7 |  7.4
Armour         | 3 4 |  4.7
Dodging        | 3 4 |  4.7

Action                     |  1- 3 |  4- 6 |  7- 9 | 10-12 || total
---------------------------+-------+-------+-------+-------++-------
  Melee: Spear             |   128 |       |       |       ||   128
         Trident           |     3 |    89 |   221 |   192 ||   505
  Throw: Dart              |       |     4 |    18 |     5 ||    27
   Cast: Scorch            |     3 |    10 |    28 |     2 ||    43
  Evoke: Wand              |       |       |       |     1 ||     1
    Use: Scroll            |     9 |     3 |    12 |     4 ||    28
         Potion            |       |       |       |     3 ||     3
 Armour: Robe              |    19 |       |       |       ||    19
         Ring mail         |    10 |    23 |     8 |       ||    41
         Scale mail        |       |       |    42 |    47 ||    89
         Plate armour      |       |       |       |    41 ||    41
         Fire dragon scale |       |       |       |    10 ||    10
  Dodge: Dodged            |    63 |    34 |    59 |    63 ||   219
  Block: Buckler           |       |     3 |    28 |    28 ||    59

Table legend: (Time is in decaauts)
 A = Elapsed time spent in this place.
 B = Non-inter-level travel time spent in this place.
 C = Inter-level travel time spent in this place.
 D = Time resting spent in this place.
 E = Time spent auto-exploring this place.
 F = Levels seen in this place.
 G = Mean time per level.
                   A        B        C        D        E       F      G
               +--------+--------+--------+--------+--------+-----+--------+
         Total |   9067 |   8516 |    551 |    622 |   6163 |  12 |  755.6 |
       Dungeon |   9008 |   8457 |    551 |    608 |   6163 |  11 |  818.9 |
      Ice Cave |     58 |     58 |      0 |     14 |      0 |   1 |   58.0 |
               +--------+--------+--------+--------+--------+-----+--------+

Top non-repeatable levels by time:
     D:4: 1188 daAuts
     D:6: 1084 daAuts
     D:5: 1027 daAuts
     D:7: 885 daAuts
     D:1: 881 daAuts
     D:2: 842 daAuts
     D:8: 828 daAuts
     D:3: 760 daAuts
    D:10: 724 daAuts
     D:9: 434 daAuts
    D:11: 352 daAuts
   IceCv: 58 daAuts
